PL
FT. WORTH CATTLEMEN @ PHOENIX HOTSPUR
08/18/2031
 
TOP OF THE 1ST
Ft. Worth Cattlemen batting - Pitching for Phoenix Hotspur : LHP Wes Hamm
Pitching: LHP Wes Hamm
Batting: LHB Jesús Morales 0-0: Ball
1-0: Foul Ball, location: 2F
1-1: Called Strike
1-2: Foul Ball, location: 2F
1-2: Ball
2-2: Foul Ball, location: 2F
2-2: Foul Ball, location: 2F
2-2: SINGLE (Groundball, 34D)
Batting: LHB Chris Etheridge 0-0: Ball
1-0: Ball
2-0: Ball
3-0: Called Strike
3-1: Foul Ball, location: 2F
3-2: Strikes out swinging
Batting: RHB Bart Lewis 0-0: Ball
1-0: Ball
2-0: Ball
3-0: Base on Balls
Jesús Morales to second
Batting: RHB Gilberto Juárez 0-0: Ball
1-0: Called Strike
1-1: Ball
Jesús Morales steals 3rd base
Bart Lewis to second
2-1: Foul Ball, location: 2F
2-2: Ground out 4-3 (Groundball, 4M)
Jesús Morales scores
Bart Lewis to third
Batting: SHB Javier Vázquez 0-0: Foul Ball, location: 2F
0-1: Ball
1-1: Foul Ball, location: 2F
1-2: Ball
2-2: Foul Ball, location: 2F
2-2: Ball
3-2: Foul Ball, location: 2F
3-2: Foul Ball, location: 2F
3-2: Foul Ball, location: 2F
3-2: Foul Ball, location: 2F
3-2: Ground out 4-3 (Groundball, 4)
Top of the 1st over - 1 run, 1 hit, 0 errors, 1 left on base; Ft. Worth 1 - Phoenix 0
BOTTOM OF THE 1ST
Phoenix Hotspur batting - Pitching for Ft. Worth Cattlemen : RHP Armando Romano
Pitching: RHP Armando Romano
Batting: RHB Kyle Bywaters 0-0: Ball
1-0: Foul Ball, location: 2F
1-1: Called Strike
1-2: Ball
2-2: Foul Ball, location: 2F
2-2: Ball
3-2: Foul Ball, location: 2F
3-2: Fly out, F7 (Flyball, 78D)
Batting: RHB Roland Deschain 0-0: Ball
1-0: Fly out, F3 (Popup, 34)
Batting: LHB Francisco García 0-0: Ball
1-0: Ball
2-0: Called Strike
2-1: SINGLE (Line Drive, 4MD)
Batting: LHB Tadayoshi Watanabe 0-0: Ball
1-0: Called Strike
1-1: Called Strike
Francisco García steals 2nd base
1-2: Ball
2-2: Ball
3-2: Foul Ball, location: 2F
3-2: Ground out U3 (Groundball, 3)
Bottom of the 1st over - 0 runs, 1 hit, 0 errors, 1 left on base; Ft. Worth 1 - Phoenix 0
TOP OF THE 2ND
Ft. Worth Cattlemen batting - Pitching for Phoenix Hotspur : LHP Wes Hamm
Batting: RHB Jesús Martínez 0-0: Called Strike
0-1: Called Strike
0-2: SINGLE (Groundball, 4MD)
Batting: LHB Rick Mayfield 0-0: Ball
1-0: Called Strike
1-1: Called Strike
1-2: Foul Ball, location: 2F
1-2: Strikes out swinging
Throwing error on steal attempt, E2
Jesús Martínez to third
Batting: SHB Roberto Mosca 0-0: Swinging Strike
0-1: Called Strike
0-2: Foul Ball, location: 2F
0-2: Strikes out swinging
Batting: SHB Robby Day 0-0: Foul Ball, location: 2F
0-1: Called Strike
0-2: SINGLE (Groundball, 5S) (infield hit)
Jesús Martínez scores
Batting: LHB Jesús Morales 0-0: Ground out U3 (Groundball, 3L)
Top of the 2nd over - 1 run, 2 hits, 1 error, 1 left on base; Ft. Worth 2 - Phoenix 0
BOTTOM OF THE 2ND
Phoenix Hotspur batting - Pitching for Ft. Worth Cattlemen : RHP Armando Romano
Batting: RHB Randy Rehling 0-0: Called Strike
0-1: SINGLE (Line Drive, 4MD)
Batting: LHB Harumi Takaki 0-0: Ball
1-0: Ball
2-0: Foul Ball, location: 2F
2-1: Called Strike
2-2: Ball
3-2: Hit by Pitch
Randy Rehling to second
Batting: RHB Alfredo Pizarro 0-0: Ball
1-0: Foul Ball, location: 2F
1-1: Foul Ball, location: 2F
1-2: Fly out, F9 (Flyball, 9S)
Batting: LHB Wagaw Lukongolo 0-0: Called Strike
0-1: Fly out, F5 (Line Drive, 5S)
Batting: RHB Julián De Paz 0-0: Called Strike
0-1: Foul Ball, location: 2F
0-2: Foul Ball, location: 2F
0-2: Ball
1-2: Ball
2-2: Ball
3-2: Ground out 4-3 (Groundball, 4S)
Bottom of the 2nd over - 0 runs, 1 hit, 0 errors, 2 left on base; Ft. Worth 2 - Phoenix 0
TOP OF THE 3RD
Ft. Worth Cattlemen batting - Pitching for Phoenix Hotspur : LHP Wes Hamm
Batting: LHB Chris Etheridge 0-0: Swinging Strike
0-1: Swinging Strike
0-2: Foul Ball, location: 2F
0-2: Ground out 4-3 (Groundball, 4)
Batting: RHB Bart Lewis 0-0: Called Strike
0-1: Ball
1-1: SOLO HOME RUN (Flyball, 7D), Distance : 396 ft
Batting: RHB Gilberto Juárez 0-0: Ground out U3 (Groundball, 34)
Batting: SHB Javier Vázquez 0-0: Foul Ball, location: 2F
0-1: Fly out, F8 (Flyball, 89D)
Top of the 3rd over - 1 run, 1 hit, 0 errors, 0 left on base; Ft. Worth 3 - Phoenix 0
BOTTOM OF THE 3RD
Phoenix Hotspur batting - Pitching for Ft. Worth Cattlemen : RHP Armando Romano
Batting: RHB Kyle Bywaters 0-0: Ground out 5-3 (Groundball, 56)
Batting: RHB Roland Deschain 0-0: Foul Ball, location: 2F
0-1: Foul Ball, location: 2F
0-2: Ball
1-2: Ball
2-2: Fly out, F8 (Flyball, 8LS)
Batting: LHB Francisco García 0-0: Ground out 3-1 (Groundball, 3S)
Bottom of the 3rd over - 0 runs, 0 hits, 0 errors, 0 left on base; Ft. Worth 3 - Phoenix 0
TOP OF THE 4TH
Ft. Worth Cattlemen batting - Pitching for Phoenix Hotspur : LHP Wes Hamm
Batting: RHB Jesús Martínez 0-0: Foul Ball, location: 2F
0-1: Ball
1-1: Foul Ball, location: 2F
1-2: Ground out 3-1 (Groundball, 34)
Batting: LHB Rick Mayfield 0-0: Ball
1-0: Ball
2-0: Foul Ball, location: 2F
2-1: Swinging Strike
2-2: Strikes out swinging
Batting: SHB Roberto Mosca 0-0: Called Strike
0-1: Swinging Strike
0-2: Ball
1-2: Ball
2-2: Strikes out swinging
Top of the 4th over - 0 runs, 0 hits, 0 errors, 0 left on base; Ft. Worth 3 - Phoenix 0
BOTTOM OF THE 4TH
Phoenix Hotspur batting - Pitching for Ft. Worth Cattlemen : RHP Armando Romano
Batting: LHB Tadayoshi Watanabe 0-0: Called Strike
0-1: Ball
1-1: Ball
2-1: Foul Ball, location: 2F
2-2: SINGLE (Line Drive, 9S)
Batting: RHB Randy Rehling 0-0: Called Strike
0-1: Foul Ball, location: 2F
0-2: Ball
1-2: Ball
2-2: Ball
3-2: Fly out, F9 (Flyball, 9S)
Batting: LHB Harumi Takaki 0-0: Grounds into double play, 4-6-3 (Groundball, 4D)
Bottom of the 4th over - 0 runs, 1 hit, 0 errors, 0 left on base; Ft. Worth 3 - Phoenix 0
TOP OF THE 5TH
Ft. Worth Cattlemen batting - Pitching for Phoenix Hotspur : LHP Wes Hamm
Batting: SHB Robby Day 0-0: Ball
1-0: Called Strike
1-1: Ball
2-1: Called Strike
2-2: Foul Ball, location: 2F
2-2: SINGLE (Groundball, 56D)
Batting: LHB Jesús Morales 0-0: Ball
1-0: Sac Bunt - play at first, batter OUT! 1-3
Robby Day to second
Batting: LHB Chris Etheridge 0-0: Foul Ball, location: 2F
0-1: Ball
1-1: Called Strike
1-2: Ball
2-2: Ball
3-2: Strikes out swinging
Batting: RHB Bart Lewis 0-0: Ball
1-0: Called Strike
1-1: Swinging Strike
1-2: Fly out, F7 (Flyball, 7)
Top of the 5th over - 0 runs, 1 hit, 0 errors, 1 left on base; Ft. Worth 3 - Phoenix 0
BOTTOM OF THE 5TH
Phoenix Hotspur batting - Pitching for Ft. Worth Cattlemen : RHP Armando Romano
Batting: RHB Alfredo Pizarro 0-0: Foul Ball, location: 2F
0-1: Ball
1-1: Ball
2-1: Fly out, F8 (Flyball, 8LD)
Batting: LHB Wagaw Lukongolo 0-0: Called Strike
0-1: Ball
1-1: DOUBLE (Flyball, 7LD)
Batting: RHB Julián De Paz 0-0: Foul Ball, location: 2F
0-1: Foul Ball, location: 2F
0-2: Ball
1-2: Foul Ball, location: 2F
1-2: Ball
2-2: Ball
3-2: Base on Balls
Batting: RHB Kyle Bywaters 0-0: Ball
1-0: Called Strike
1-1: Foul Ball, location: 2F
1-2: Ball
2-2: Foul Ball, location: 2F
2-2: Foul Ball, location: 2F
2-2: Ball
3-2: Fly out, F3 (Line Drive, 3S)
Now at 1B: Marcos Roa
Batting: RHB Roland Deschain 0-0: Foul Ball, location: 2F
0-1: SINGLE (Groundball, 6D)
Wagaw Lukongolo to third
Julián De Paz to second
Runner from 3rd tries for Home, SAFE, no throw
Batting: LHB Francisco García 0-0: Ball
1-0: Foul Ball, location: 2F
1-1: Swinging Strike
1-2: Ball
2-2: Fly out, F8 (Flyball, 8LM)
Bottom of the 5th over - 1 run, 2 hits, 0 errors, 2 left on base; Ft. Worth 3 - Phoenix 1
TOP OF THE 6TH
Ft. Worth Cattlemen batting - Pitching for Phoenix Hotspur : LHP Wes Hamm
Batting: RHB Gilberto Juárez 0-0: Called Strike
0-1: SINGLE (Line Drive, 9S)
Batting: SHB Javier Vázquez 0-0: Ball
1-0: Fly out, F7 (Flyball, 7S)
Batting: RHB Jesús Martínez 0-0: Ball
Throwing error on steal attempt, E2
Gilberto Juárez to third
1-0: Called Strike
1-1: Ball
2-1: Foul Ball, location: 2F
2-2: Fly out, F3 (Popup, 3L)
Batting: LHB Rick Mayfield 0-0: Ball
1-0: Ball
2-0: Foul Ball, location: 2F
2-1: SINGLE (Groundball, 56D)
Gilberto Juárez scores
Batting: SHB Roberto Mosca 0-0: Ball
1-0: Ball
2-0: Foul Ball, location: 2F
2-1: Foul Ball, location: 2F
2-2: Ground out 4-3 (Groundball, 34)
Top of the 6th over - 1 run, 2 hits, 1 error, 1 left on base; Ft. Worth 4 - Phoenix 1
BOTTOM OF THE 6TH
Phoenix Hotspur batting - Pitching for Ft. Worth Cattlemen : RHP Armando Romano
Batting: LHB Tadayoshi Watanabe 0-0: Fly out, F6 (Line Drive, 4MD)
Batting: RHB Randy Rehling 0-0: Ball
1-0: Ball
2-0: Ground out 6-3 (Groundball, 56D)
Batting: LHB Harumi Takaki 0-0: Ball
1-0: Ball
2-0: Fly out, F8 (Line Drive, 8LM)
Bottom of the 6th over - 0 runs, 0 hits, 0 errors, 0 left on base; Ft. Worth 4 - Phoenix 1
TOP OF THE 7TH
Ft. Worth Cattlemen batting - Pitching for Phoenix Hotspur : LHP Wes Hamm
Batting: SHB Robby Day 0-0: Called Strike
0-1: Ball
1-1: Foul Ball, location: 2F
1-2: Ball
2-2: Foul Ball, location: 2F
2-2: Ball
3-2: Strikes out looking
Batting: LHB Jesús Morales 0-0: Called Strike
0-1: Foul Ball, location: 2F
0-2: SINGLE (Groundball, 4D)
Pitching: RHP Roger Taylor
Batting: LHB Chris Etheridge 0-0: Ball
Jesús Morales steals 2nd base
1-0: Ball
2-0: SINGLE (Line Drive, 7S)
Jesús Morales to third
Runner from 3rd tries for Home, SAFE, no throw
Batting: SHB Marcos Roa 0-0: Ball
1-0: Fly out, F9 (Flyball, 9LM)
Batting: RHB Gilberto Juárez 0-0: Ball
1-0: 2-RUN HOME RUN (Flyball, 7LD), Distance : 363 ft
Batting: SHB Javier Vázquez 0-0: Called Strike
0-1: SINGLE (Flyball, 78S)
Batting: RHB Jesús Martínez 0-0: Ball
Javier Vázquez steals 2nd base
1-0: Foul Ball, location: 2F
1-1: Ball
Javier Vázquez steals 3rd base
2-1: Foul Ball, location: 2F
2-2: SINGLE (Groundball, 25) (infield hit)
Javier Vázquez scores
Batting: LHB Rick Mayfield 0-0: Ball
1-0: Called Strike
1-1: Swinging Strike
1-2: Ball
2-2: Ball
3-2: Foul Ball, location: 2F
3-2: Base on Balls
Jesús Martínez to second
Batting: SHB Roberto Mosca 0-0: Called Strike
0-1: Ball
1-1: Ball
2-1: Swinging Strike
2-2: Ball
3-2: Ground out 1-3 (Groundball, 13S)
Top of the 7th over - 4 runs, 5 hits, 0 errors, 2 left on base; Ft. Worth 8 - Phoenix 1
BOTTOM OF THE 7TH
Phoenix Hotspur batting - Pitching for Ft. Worth Cattlemen : RHP Armando Romano
Batting: RHB Alfredo Pizarro 0-0: Ground out 5-3 (Groundball, 56)
Batting: LHB Wagaw Lukongolo 0-0: Swinging Strike
0-1: Ground out 3-1 (Groundball, 34)
Batting: RHB Julián De Paz 0-0: Foul Ball, location: 2F
0-1: Swinging Strike
0-2: Hit by Pitch
Pitching: RHP Jorge Garza
Batting: RHB Kyle Bywaters 0-0: Called Strike
0-1: Ball
1-1: Foul Ball, location: 2F
1-2: Fly out, F9 (Line Drive, 89M)
Bottom of the 7th over - 0 runs, 0 hits, 0 errors, 1 left on base; Ft. Worth 8 - Phoenix 1
TOP OF THE 8TH
Ft. Worth Cattlemen batting - Pitching for Phoenix Hotspur : RHP Roger Taylor
Batting: SHB Robby Day 0-0: Called Strike
0-1: Ball
1-1: Ball
2-1: Ball
3-1: Fly out, F7 (Flyball, 7D)
Batting: LHB Jesús Morales 0-0: Ball
1-0: Ball
2-0: Ball
3-0: Called Strike
3-1: Foul Ball, location: 2F
3-2: Strikes out looking
Batting: LHB Chris Etheridge 0-0: Foul Ball, location: 2F
0-1: Ball
1-1: Ground out 5-3 (Groundball, 56)
Top of the 8th over - 0 runs, 0 hits, 0 errors, 0 left on base; Ft. Worth 8 - Phoenix 1
BOTTOM OF THE 8TH
Phoenix Hotspur batting - Pitching for Ft. Worth Cattlemen : RHP Jorge Garza
Batting: RHB Roland Deschain 0-0: Fly out, F7 (Flyball, 7S)
Batting: LHB Francisco García 0-0: Ball
1-0: SINGLE (Line Drive, 7S)
Batting: LHB Tadayoshi Watanabe 0-0: Ball
1-0: Foul Ball, location: 2F
1-1: Ball
2-1: SINGLE (Groundball, 34D)
Francisco García to second
Runner from 2nd tries for 3rd, SAFE, no throw
Batting: RHB Randy Rehling 0-0: Called Strike
0-1: Called Strike
0-2: DOUBLE (Flyball, 89XD)
Francisco García scores
Tadayoshi Watanabe to third
Batting: LHB Harumi Takaki 0-0: Ball
1-0: Ball
2-0: Foul Ball, location: 2F
2-1: Foul Ball, location: 2F
2-2: Fly out, F8 (Flyball, 8RD)
Runner from 3rd tags up, OUT at HOME
Bottom of the 8th over - 1 run, 3 hits, 0 errors, 1 left on base; Ft. Worth 8 - Phoenix 2
TOP OF THE 9TH
Ft. Worth Cattlemen batting - Pitching for Phoenix Hotspur : RHP Roger Taylor
Batting: SHB Marcos Roa 0-0: Foul Ball, location: 2F
0-1: Ball
1-1: Foul Ball, location: 2F
1-2: Ball
2-2: Fly out, F9 (Flyball, 9S)
Batting: RHB Gilberto Juárez 0-0: Ball
1-0: Ground out 4-3 (Groundball, 4)
Batting: SHB Javier Vázquez 0-0: Called Strike
0-1: Ball
1-1: Called Strike
1-2: Ball
2-2: Ball
3-2: Strikes out looking
Top of the 9th over - 0 runs, 0 hits, 0 errors, 0 left on base; Ft. Worth 8 - Phoenix 2
BOTTOM OF THE 9TH
Phoenix Hotspur batting - Pitching for Ft. Worth Cattlemen : RHP Jorge Garza
Batting: RHB Alfredo Pizarro 0-0: Ball
1-0: Ball
2-0: Swinging Strike
2-1: Called Strike
2-2: Strikes out swinging
Batting: LHB Wagaw Lukongolo 0-0: Called Strike
0-1: Called Strike
0-2: Foul Ball, location: 2F
0-2: Foul Ball, location: 2F
0-2: Foul Ball, location: 2F
0-2: Ground out 4-3 (Groundball, 4M)
Batting: RHB Julián De Paz 0-0: Foul Ball, location: 2F
0-1: Ball
1-1: Called Strike
1-2: Ball
2-2: Ball
3-2: Foul Ball, location: 2F
3-2: Strikes out swinging
Bottom of the 9th over - 0 runs, 0 hits, 0 errors, 0 left on base; Ft. Worth 8 - Phoenix 2
Tuesday, June 12th, 2018 - OOTP Baseball 18.8 Build 76